Map: Emerald City LE

Players

RyuKey - Winner!

  • Race: Protoss Protoss
  • League: Diamond
  • Spawn Location: 11:00

slafko - Winner!

  • Race: Terran Terran
  • Spawn Location: 11:00

VOD

Have the link to the VOD?

Description

Time

  • Played on: June 17, 2020, 10:46 a.m.
  • Length: 25:57
Show
View Real Time Build Order
Export as new Build Order

RyuKey Protoss - Winner!

Build Orders:  

Get SALT Encoding   

  13  0:10  Probe (Chrono Boost)  
  13  0:27  Probe (Chrono Boost)  
  14  1:14  Probe (Chrono Boost)  
  15  1:29  Pylon  
  15  1:41  Assimilator  
  15  1:46  Assimilator  
  15  1:57  Probe (Chrono Boost), Gateway  
  16  2:01  Gateway  
  16  2:07  Pylon  
  16  2:14  Probe (Chrono Boost)  
  18  2:31  Probe (Chrono Boost)  
  18  2:47  Probe (Chrono Boost)  
  19  2:54  Pylon  
  19  2:59  Pylon  
  19  3:04  Probe (Chrono Boost)  
  19  3:05  Cybernetics Core  
  21  3:21  Probe (Chrono Boost)  
  21  3:38  Probe (Chrono Boost)  
  22  3:55  Probe (Chrono Boost)  
  24  5:12  Probe (Chrono Boost)  
  24  5:19  Stalker x2  
  28  5:27  Stargate  
  28  5:29  Probe (Chrono Boost)  
  29  5:39  Robotics Facility  
  29  5:46  Probe (Chrono Boost)  
  30  6:03  Stalker x2, Probe (Chrono Boost)  
  35  6:18  Nexus  
  39  6:20  Probe (Chrono Boost)  
  36  6:25  Pylon  
  36  6:28  Assimilator  
  36  6:30  Phoenix  
  36  6:34  Assimilator  
  36  6:36  Pylon, Probe (Chrono Boost)  
  39  6:41  Warp Gate  
  39  6:44  Sentry  
  43  6:53  Probe (Chrono Boost)  
  43  6:57  Robotics Bay  
  45  7:10  Probe (Chrono Boost)  
  45  7:17  Immortal  
  49  7:27  Unknown  
  49  7:33  Probe (Chrono Boost)  
  53  7:50  Probe (Chrono Boost)  
  53  7:57  Oracle  
  54  8:06  Probe (Chrono Boost)  
  54  8:07  Probe (Chrono Boost)  
  56  8:23  Probe (Chrono Boost)  
  56  8:24  Probe (Chrono Boost)  
  58  8:34  Void Ray  
  58  8:36  Probe x2 (Chrono Boost)  
  60  8:42  Extended Thermal Lance  
  60  8:48  Probe x2 (Chrono Boost)  
  66  9:01  Colossus  
  66  9:02  Probe x2 (Chrono Boost)  
  68  9:19  Probe x2 (Chrono Boost)  
  76  9:35  Probe (Chrono Boost)  
  76  9:36  Probe (Chrono Boost)  
  78  10:24  Pylon  
  78  10:26  Pylon  
  66  10:50  Colossus  
  78  10:52  Probe x2 (Chrono Boost)  
  86  11:09  Probe x2 (Chrono Boost)  
  88  12:34  Colossus  
  94  13:11  Pylon  
  94  13:13  Pylon  
  94  13:14  Pylon  
  94  13:17  Pylon  
  94  13:20  Pylon  
  94  13:21  Pylon  
  94  13:22  Pylon  
  94  13:23  Pylon  
  94  13:26  Pylon  
  94  13:41  Stalker x2  
  94  13:49  Colossus  
  104  14:07  Gateway  
  104  14:09  Gateway  
  104  14:13  Gateway  
  104  14:15  Gateway  
  104  14:17  Gateway  
  104  14:21  Gateway  
  104  14:23  Gateway  
  104  14:26  Gateway  
  104  14:28  Gateway  
  104  14:37  Gateway  
  104  14:38  Gateway  
  104  14:41  Gateway  
  104  14:44  Gateway  
  104  14:48  Gateway  
  104  14:51  Gateway  
  104  14:53  Gateway  
  104  15:04  Colossus  
  104  15:05  Gateway  
  107  16:19  Colossus  
  113  17:34  Colossus  
  119  20:23  Stalker  
  121  20:33  Stalker x8  
  121  20:34  Stalker x4  
  145  20:48  Colossus  
  151  20:55  Stalker x3  
  151  20:56  Stalker x4  
  165  22:46  Pylon  
  165  22:59  Pylon  
  165  23:01  Pylon x3  
  165  23:02  Pylon x2  
  165  23:03  Pylon x2  
  165  23:04  Pylon x2  
  165  23:23  Pylon  
  165  23:24  Pylon  
  165  23:29  Stalker x3  
  171  23:30  Stalker x9  
  171  23:31  Stalker x5  
  199  24:15  Colossus  
Show
View Real Time Build Order
Export as new Build Order

slafko Terran - Winner!

Build Orders:  

Get SALT Encoding   

  12  0:21  Supply Depot  
  12  0:27  SCV  
  13  0:44  SCV  
  14  0:57  Barracks  
  14  1:06  Supply Depot  
  14  1:13  Supply Depot  
  14  1:30  Refinery, SCV  
  15  2:04  Engineering Bay  
  15  2:10  Orbital Command  
  15  2:23  Refinery  
  15  2:31  Marine  
  16  3:59  Factory  
  16  4:03  Marine  
  17  4:15  SCV  
  18  4:28  Marine  
  19  4:32  SCV  
  20  4:49  SCV  
  21  4:52  Command Center  
  21  4:53  Marine  
  22  5:03  Factory  
  22  5:12  Factory Tech Lab  
  22  5:13  Sensor Tower  
  22  5:17  SCV  
  23  5:30  Marine  
  23  5:34  SCV  
  25  5:55  Marine  
  26  6:45  Siege Tank  
  29  6:50  Factory Tech Lab  
  29  6:58  Armory  
  29  7:03  Armory  
  29  7:12  Planetary Fortress  
  29  7:20  SCV  
  30  7:37  SCV  
  31  7:54  SCV  
  32  8:07  Refinery, SCV  
  33  8:11  SCV  
  34  8:24  SCV  
  34  8:28  SCV  
  36  8:39  Siege Tank  
  39  8:41  SCV  
  39  8:43  Siege Tank  
  43  8:53  Terran Vehicle Weapons Level 1  
  43  8:58  SCV  
  44  9:08  Terran Vehicle And Ship Armor Level 1  
  44  9:25  Refinery  
  44  10:14  Thor  
  50  10:25  SCV  
  51  10:42  SCV  
  51  10:49  SCV  
  53  10:50  Command Center  
  53  10:59  SCV  
  54  11:28  SCV x2  
  56  11:38  Terran Vehicle Weapons Level 2, Supply Depot  
  56  11:45  SCV x2  
  58  11:52  Siege Tank x2  
  58  11:53  Siege Tank  
  58  12:09  Supply Depot  
  58  12:12  Thor  
  58  12:13  Siege Tank  
  67  12:20  SCV  
  68  12:37  SCV  
  69  12:41  Supply Depot  
  69  12:54  SCV  
  70  13:09  Terran Vehicle And Ship Armor Level 2  
  70  13:11  SCV  
  71  13:28  SCV  
  72  13:35  Planetary Fortress  
  72  13:43  Refinery  
  72  13:45  Refinery  
  72  14:15  Thor x2  
  84  14:28  SCV  
  85  14:34  SCV  
  86  14:41  SCV  
  86  14:45  SCV  
  88  14:51  SCV  
  88  14:58  SCV  
  90  15:02  SCV  
  90  15:05  Sensor Tower  
  90  15:08  SCV  
  92  15:15  SCV  
  92  15:19  SCV  
  94  15:25  SCV  
  95  15:36  SCV  
  96  16:15  Supply Depot  
  96  16:16  Supply Depot  
  96  16:17  Supply Depot  
  96  16:29  Terran Vehicle Weapons Level 3  
  96  16:30  Terran Vehicle And Ship Armor Level 3  
  96  16:49  Supply Depot  
  96  16:58  Thor x2  
  96  16:59  Hi-Sec Auto Tracking  
  108  17:35  Bunker  
  108  17:39  Marine  
  109  17:59  Siege Tank  
  112  18:00  Siege Tank  
  112  18:04  Marine  
  116  18:29  Marine  
  117  18:33  Missile Turret  
  117  18:46  Unknown  
  117  18:53  Siege Tank x4  
  117  18:54  Marine  
  118  19:13  Command Center  
  119  19:49  Marine  
  119  20:22  Bunker  
  119  20:23  Bunker  
  119  20:26  Missile Turret  
  119  20:27  Sensor Tower  
  119  20:34  SCV  
  120  20:51  SCV  
  121  21:08  SCV  
  122  21:25  SCV  
  123  21:42  Refinery, SCV  
  123  21:43  Refinery  
  124  21:56  Planetary Fortress  
  124  22:18  Thor x2  
  136  22:56  SCV  
  136  22:57  Siege Tank x4  
  136  22:58  Siege Tank x2  
  137  23:13  SCV  
  137  23:18  Thor x2  
  150  23:30  SCV  
  151  23:47  SCV  
  152  24:04  Thor x6  
Tags
 
Add a new tag
Caveats
  • Supply blocks, unpowered buildings, or Contaminate may cause inaccurate times.
  • Supply counts are checked every 10 seconds.